 Dungeon Crawl Stone Soup version 0.31-a0-188-g5e087ee2ca (webtiles) character file.

Game seed: 4426844384242931335

23 qw the Shooter (level 2, -1/16 HPs)
             Began as a Deep Elf Hunter on June 23, 2023.
             Succumbed to an adder's poison
             ... on level 2 of the Dungeon.
             The game lasted 00:00:14 (856 turns).

qw the Shooter (Deep Elf Hunter)                     Turns: 856, Time: 00:00:15

Health: -1/16      AC:  4    Str:  8    XL:     2   Next: 75%
Magic:  4/4        EV: 12    Int: 13    God:
Gold:   54         SH:  0    Dex: 18    Spells: 1/1 levels left

rFire   . . .        Y - +0 shortbow
rCold   . . .        (shield currently unavailable)
rNeg    . . .        c - +0 leather armour
rPois   .            i - +0 helmet
rElec   .            (no cloak)
rCorr   .            (no gloves)
SInv    .            (no boots)
Will    .....        (no amulet)
Stlth   ++           (no ring)
HPRegen 0.22/turn    (no ring)
MPRegen 0.09/turn

%: no passive effects
@: lethally poisoned (-1 -> -5)
A: no striking features
a: no special abilities


You were on level 2 of the Dungeon.
You visited 1 branch of the dungeon, and saw 2 of its levels.

You collected 54 gold pieces.


   Skills:
 - Level 1.5 Fighting
 + Level 6.5 Ranged Weapons
 - Level 2.4 Dodging
 - Level 1.2 Stealth


You had one spell level left.
You didn't know any spells.
Your spell library was empty.

Inventory:

Hand Weapons
 Y - a +0 shortbow (weapon)
Armour
 c - a +0 leather armour (worn)
 i - a +0 helmet (worn)
Jewellery
 e - a ring of fire
Scrolls
 a - a scroll of identify
Potions
 g - a potion of resistance {unknown}

Dungeon Overview and Level Annotations

Branches:
Dungeon (2/15)

Altars:

Annotations:
D:2 exclusion: gnoll


Message History

You shoot an arrow. The arrow hits the ball python!
You kill the ball python!
The bat hits you but does no damage.
You shoot an arrow. The arrow hits the bat!
You kill the bat!
You see here a +0 leather armour.
Found an escape hatch in the floor.
A gnoll comes into view. It is wielding a +0 halberd.
Found a scroll of identify.
The gnoll shouts!
A gnoll comes into view. It is wielding a +0 spear.
845 ||| Stepping ~*~*~tactically~*~*~ (outnumbered).
A gnoll comes into view. It is wielding a +0 club.
A quokka comes into view.
The gnoll moves out of view.
847 ||| Stepping ~*~*~tactically~*~*~ (outnumbered).
849 ||| Stepping ~*~*~tactically~*~*~ (outnumbered).
You shoot an arrow. The arrow closely misses the gnoll.
The gnoll hits you but does no damage.
The gnoll hits you from afar with a +0 halberd!
Ouch! That really hurt!
851 ||| READING scroll of teleportation.
As you read the scroll of teleportation, it crumbles to dust.
You feel strangely unstable. The gnoll closely misses you.
The gnoll misses you.
Your surroundings suddenly seem different.
An adder comes into view.
Found a knobbly glowing staff.
The adder hisses angrily.
The adder bites you but does no damage.
You shoot an arrow. The arrow barely misses the adder.
A giant cockroach comes into view.
The adder closely misses you.
The giant cockroach moves out of view.
You shoot an arrow. The arrow misses the adder.
The adder bites you.
You are lethally poisoned!
The adder poisons you! The adder misses you.
You shoot an arrow. The arrow closely misses the adder.
You die...

#. #. .# ..
.# . .. #.
.# ##.####
?#
#..S..###
.# #..@...#
####g######
##..#..#
...........
#..## ....
###..#####.
#.. #### #
#.....# #..
.....##..>.
..| .##....
##. ##.#
.##.###.#
#. ...# ..


You could see an adder.

Vanquished Creatures
  A dart slug (D:1)
  4 bats
  3 endoplasms (D:1)
  2 goblins (D:1)
  A hobgoblin (D:2)
  6 ball pythons
  2 frilled lizards (D:1)
19 creatures vanquished.

Notes
Turn   | Place    | Note
-------+----------+-------------------------------------------
     0 | D:1      | qw the Deep Elf Hunter began the quest for the Orb.
     0 | D:1      | Reached XP level 1. HP: 12/12 MP: 3/3
     0 | D:1      | 0 ||| qw: Version: 0.3-a-9-g12657ce
     0 | D:1      | 0 ||| qw: Game counter: 3743
     0 | D:1      | 0 ||| qw: Always use a shield: true
     0 | D:1      | 0 ||| qw: God list: Okawaru
     0 | D:1      | 0 ||| qw: Allow faded altars: false
     0 | D:1      | 0 ||| qw: Do Orc after D:15 true
     0 | D:1      | 0 ||| qw: Do second Lair branch before Depths: true
     0 | D:1      | 0 ||| qw: Lair rune preference: random
     0 | D:1      | 0 ||| qw: Plans: Normal
     0 | D:1      | 0 ||| PLANNING D:1-11
   262 | D:1      | Reached skill level 6 in Ranged Weapons
   262 | D:1      | Reached XP level 2. HP: 16/16 MP: 4/4
   739 | D:1      | 739 ||| UPGRADING to +0 helmet.
   744 | D:1      | 744 ||| READING 2 scrolls labelled ICRINK NOFENOZOQA.
   745 | D:1      | 745 ||| READING scroll labelled GIKIFFUVE.
   746 | D:1      | 746 ||| READING 2 scrolls labelled ZUCZUI ZYCOLAY.
   749 | D:1      | 749 ||| DROPPING scroll of butterflies.
   845 | D:2      | 845 ||| Stepping ~*~*~tactically~*~*~ (outnumbered).
   847 | D:2      | 847 ||| Stepping ~*~*~tactically~*~*~ (outnumbered).
   849 | D:2      | 849 ||| Stepping ~*~*~tactically~*~*~ (outnumbered).
   850 | D:2      | HP: 3/16 [gnoll/+0 halberd (13)]
   851 | D:2      | 851 ||| READING scroll of teleportation.
   855 | D:2      | HP: 1/16 [adder (3)]
   856 | D:2      | Succumbed to an adder's poison

Levels and vault maps discovered:
D:1:      wheals_arrival_shading, layout_basic
D:2:      layout_loops_cross, nrook_loot_triangle, uniq_sigmund

Skill      XL: |  1 |
---------------+----+-----
Ranged Weapons | 6 |  6.5
Fighting       | |  1.5
Dodging        | |  2.4
Stealth        | |  1.2

Action                     || total
---------------------------++-------
   Fire: Shortbow          ||    41
    Use: Scroll            ||     4
 Armour: Leather armour    ||     6
  Dodge: Dodged            ||     9

Table legend:
 A = Non-vault XP
 B = Vault XP
 C = Vault XP percentage of total XP
 D = Non-vault monster count
 E = Vault monster count
 F = Vault count percentage of total count
                 A         B        C        D         E       F
            +---------+---------+-------+---------+---------+-------
      Total |      34 |       0 |   0.0 |      19 |       0 |   0.0
            +---------+---------+-------+---------+---------+-------
        D:1 |      26 |       0 |   0.0 |      15 |       0 |   0.0
        D:2 |       8 |       0 |   0.0 |       4 |       0 |   0.0
            +---------+---------+-------+---------+---------+-------
